 Dungeon Crawl Stone Soup version 0.26.1-10-gdfb7c7de75 (webtiles) character file.

Game seed: 8034692804319730343

5961 DearestLeader the Spear-Bearer (level 10, -6/74 HPs)
             Began as a Merfolk Ice Elementalist on Apr 12, 2021.
             Was an Elder of Vehumet.
             Mangled by an orc warrior
             ... wielding a +0 glaive
              (38 damage)
             ... in a bailey.
             The game lasted 00:27:46 (11746 turns).

DearestLeader the Spear-Bearer (MfIE)              Turns: 11746, Time: 00:27:47

Health: -6/74      AC: 14    Str:  8    XL:     10   Next: 84%
Magic:  10/16      EV: 14    Int: 17    God:    Vehumet [****..]
Gold:   367        SH:  0    Dex: 16    Spells: 6/17 levels left

rFire    . . .     SeeInvis .   X - +12 glaive of Prune {vorpal}
rCold    . . .     Faith    .   (shield currently unavailable)
rNeg     . . .     Spirit   .   u - +0 robe (curse)
rPois    +         Reflect  .   y - +0 helmet
rElec    .         Harm     .   B - +0 cloak
rCorr    .         Rampage  .   d - +0 pair of gloves
Will     .....                  s - +0 pair of boots
Stlth    +++.......             (no amulet)
HPRegen  0.22/turn              g - ring of stealth
MPRegen  0.15/turn              x - ring of poison resistance

@: icy armour, frozen ramparts
A: change form in water, swift swim, stealthy swim
a: Renounce Religion


You were in a bailey.
You worshipped Vehumet.
Vehumet was greatly pleased with you.
You visited 2 branches of the dungeon, and saw 10 of its levels.
You also visited: Sewer, Ossuary and Bailey.

You collected 367 gold pieces.

Inventory:

Hand Weapons
 r - a +3 halberd
 w - a +2 dagger of electrocution
 A - a cursed +4 trident
 C - a +3 quarterstaff of chaos
 U - a +0 trident
 X - the +12 glaive of Prune (weapon) {vorpal}
   (You found it in a bailey)

   It inflicts extra damage upon your enemies.
Missiles
 i - 389 stones
 z - 76 sling bullets
 M - 3 curare-tipped darts (quivered)
 W - 6 atropa-tipped darts
Armour
 b - a +0 kite shield
 d - a +0 pair of gloves (worn)
 s - a +0 pair of boots (worn)
 u - a cursed +0 robe (worn)
 y - a +0 helmet (worn)
 B - a +0 cloak (worn)
 H - a +0 buckler
 O - a +0 troll leather armour {Purgy}
Jewellery
 e - an uncursed ring of ice
 g - a ring of stealth (left hand)
 o - an uncursed amulet of guardian spirit
 x - a ring of poison resistance (right hand)
 D - an uncursed ring of resist corrosion
Wands
 K - a wand of paralysis (15)
 P - a wand of polymorph (6)
 T - a wand of random effects (15)
Scrolls
 j - 7 scrolls of teleportation
 n - 4 scrolls of enchant weapon
 q - 7 scrolls of remove curse
 t - a scroll of enchant armour
 v - a scroll of fog {unknown}
 F - a scroll of magic mapping
 G - 6 scrolls of amnesia
 I - 2 scrolls of fear {unknown}
 N - 3 scrolls of blinking
 R - a scroll of holy word {unknown}
 Y - a scroll of random uselessness {unknown}
 Z - a scroll of brand weapon {unknown}
Potions
 a - 3 potions of berserk rage
 c - 2 potions of heal wounds
 f - a potion of brilliance {unknown}
 h - 4 potions of haste
 k - 3 potions of mutation
 l - 2 potions of magic {unknown}
 m - 8 potions of curing
 p - a potion of flight {unknown}
 E - a potion of lignification {unknown}
 J - a potion of attraction {unknown}
 L - a potion of invisibility {unknown}
 Q - a potion of cancellation {unknown}
 S - 3 potions of degeneration {unknown}
 V - 2 potions of resistance


   Skills:
 - Level 5.0 Fighting
 * Level 12.7 Polearms
 - Level 3.1 Throwing
 + Level 4.3 Dodging
 - Level 2.1 Stealth
 - Level 4.0 Spellcasting
 + Level 1.1 Summonings
 + Level 12.0 Ice Magic


You had 6 spell levels left.
You knew the following spells:

 Your Spells              Type           Power        Failure   Level
a - Freeze                Ice            100%         1%          1
b - Frozen Ramparts       Ice            88%          1%          3
c - Ozocubu's Armour      Ice            44%          1%          3
d - Summon Ice Beast      Ice/Summ       25%          11%         4

Your spell library contained the following spells:

 Spells                   Type           Power        Failure   Level
 Lee's Rapid Deconstruct  Erth           1%           69%         5
 Hailstorm                Conj/Ice       23%          3%          4
 Summon Small Mammal      Summ           28%          10%         1
 Call Imp                 Summ           7%           14%         2
 Animate Skeleton         Necr           6%           16%         1
 Apportation              Tloc           6%           16%         1
 Corona                   Hex            3%           16%         1
 Call Canine Familiar     Summ           7%           28%         3
 Summon Guardian Golem    Hex/Summ       5%           36%         3
 Summon Lightning Spire   Summ/Air       5%           77%         4


Dungeon Overview and Level Annotations

Branches:
Dungeon (9/15)             Temple (1/1) D:5            Lair (0/6) D:9
    Orc (0/2) D:9           Sewer (visited)         Ossuary (visited)
 Bailey (1/1)

Altars:
Cheibriados
Dithmenos
Elyvilon
Fedhas
Gozag
Kikubaaqudgha
Makhleb
Qazlal
Ru
Trog
Vehumet
Xom

Shops:
D:4 (


Message History

The orc warriors go into a battle-frenzy!
Found a manual of Armour and an orange potion.
Found a roughly hewn altar of Beogh.
Casting: Ozocubu's Armour (safe; 1% risk of failure)
Confirm with . or Enter, or press ? or * to list all spells.
Casting: Frozen Ramparts (safe; 1% risk of failure)
Press: ? - help, Dir - look around, f - activate The walls around you are covered in ice.
The wall freezes the orc warrior.
The orc warrior barely misses you.
The wall freezes the orc warrior!
The orc warrior hits you from afar with a +0 glaive!!
The wall freezes the orc warrior!
The orc warrior hits you from afar with a cursed -2 glaive!!
Casting: Frozen Ramparts (safe; 1% risk of failure)
Confirm with . or Enter, or press ? or * to list all spells.
A film of ice covers your body!
The wall freezes the orc warrior!
The orc warrior barely misses you.
The wall freezes the orc warrior.
The orc warrior hits you from afar with a +0 glaive!!!
Ouch! That really hurt!
You die...

..≈≈#)#≈≈...............≈≈#.#≈≈..
..≈##.##≈...............(##.##≈..
..≈.)^..≈...............≈))^..≈..
..≈##.∩#≈...............≈#∩.##≈..
..≈≈#)#.≈....#######....≈)#.#≈≈.
...≈≈≈≈≈.....##....##....(≈≈≈≈...
.............##.....##.(((.(.....
.....(..(....##'''#..##..........
.........##..##∩@∩##..#..........
(........##.####'####.##.........
.........##.')#ooo#)'.##.........
.........##.###.o.###.##.........
.........##.')#!.:#)'.##.........
.........##.#########.##(........
..........#..##)#)##..#(.........
..........##..#'#'#..##..........
...........##.......##...........


You could see an orc knight and 3 orc warriors.

Vanquished Creatures
  A hornet (D:9)
  Sigmund (D:2)
  Purgy (Sewer)
  9 orc warriors
  A hornet zombie (D:8)
  A black bear (D:6)
  4 necrophages (D:8)
  A sky beast (D:6)
  3 ogres
  2 centaurs (D:5)
  3 bullfrogs
  10 scorpions
  14 killer bees
  13 wights
  An electric eel (D:8)
  2 howler monkeys (D:7)
  2 bullfrog zombies
  5 centaur zombies
  6 hounds
  A jelly (D:6)
  5 orc priests
  Crazy Yiuf (D:2)
  4 human zombies (Ossuary)
  5 orc wizards
  2 bullfrog skeletons
  Natasha (D:3)
  Terence (D:2)
  An iguana (D:8)
  6 worker ants
  2 big kobold zombies (Ossuary)
  3 mummies (Ossuary)
  7 gnolls
  2 scorpion zombies (Ossuary)
  13 adders
  2 white imps
  An ufetubus (D:8)
  2 adder skeletons
  2 worms
  2 dart slugs
  5 leopard geckos
  47 orcs
  6 bats
  4 giant cockroaches
  11 goblins
  7 hobgoblins
  22 jackals
  3 quokkas
  3 ball pythons
  3 frilled lizards
  2 gnoll zombies (Ossuary)
  5 goblin zombies (Ossuary)
  2 hobgoblin zombies (Ossuary)
  11 kobolds
  4 kobold zombies (Ossuary)
  An orc zombie (Ossuary)
  2 quokka skeletons
  6 rats
287 creatures vanquished.

Vanquished Creatures (collateral kills)
  An ogre (D:8)
  2 wights (D:8)
  An orc (D:8)
4 creatures vanquished.

Vanquished Creatures (others)
  5 withered plants (D:8)
5 creatures vanquished.

Grand Total: 296 creatures vanquished

Notes
Turn   | Place    | Note
-------+----------+-------------------------------------------
     0 | D:1      | DearestLeader the Merfolk Ice Elementalist began the quest
                  | for the Orb.
     0 | D:1      | Reached XP level 1. HP: 13/13 MP: 3/3
   177 | D:1      | Reached XP level 2. HP: 16/19 MP: 0/5
   358 | D:1      | Reached skill level 5 in Ice Magic
   794 | D:1      | Reached XP level 3. HP: 24/24 MP: 6/6
   798 | D:1      | Learned a level 3 spell: Frozen Ramparts
  1848 | D:2      | Noticed Sigmund
  1852 | D:2      | Noticed Terence
  1858 | D:2      | Killed Sigmund
  1859 | D:2      | Reached XP level 4. HP: 25/30 MP: 0/7
  1859 | D:2      | Reached XP level 5. HP: 29/35 MP: 0/8
  1953 | D:2      | Killed Terence
  1954 | D:2      | Reached XP level 6. HP: 31/41 MP: 3/9
  2135 | D:2      | Found a runed translucent door.
  2136 | D:2      | Noticed Crazy Yiuf
  2142 | D:2      | Killed Crazy Yiuf
  2539 | D:3      | Noticed Natasha
  2546 | D:3      | Killed Natasha
  2559 | D:3      | Learned a level 3 spell: Ozocubu's Armour
  3360 | D:4      | Reached XP level 7. HP: 38/46 MP: 10/10
  3385 | D:4      | Found Feytuzen's Antique Weapon Shop.
  3719 | D:4      | Found a glowing drain.
  3732 | Sewer    | Entered a sewer
  3818 | Sewer    | Noticed Purgy
  3830 | Sewer    | Killed Purgy
  4177 | D:5      | Entered Level 5 of the Dungeon
  4183 | D:5      | Found a staircase to the Ecumenical Temple.
  4197 | Temple   | Entered the Ecumenical Temple
  4203 | Temple   | Became a worshipper of Vehumet
  4235 | D:5      | Reached skill level 10 in Ice Magic
  4378 | D:5      | Reached skill level 1 in Polearms
  4378 | D:5      | Reached XP level 8. HP: 53/53 MP: 11/11
  4481 | D:5      | Reached skill level 1 in Fighting
  5403 | D:6      | Reached skill level 5 in Polearms
  5483 | D:6      | Reached * piety under Vehumet
  5483 | D:6      | Offered knowledge of Magic Dart by Vehumet.
  5749 | D:6      | Reached XP level 9. HP: 48/65 MP: 5/12
  6397 | D:7      | Found a sand-covered staircase.
  6405 | Ossuary  | Entered an ossuary
  6830 | Ossuary  | Reached skill level 1 in Throwing
  6848 | Ossuary  | Reached ** piety under Vehumet
  6848 | Ossuary  | Offered knowledge of Sandblast by Vehumet.
  7256 | Ossuary  | Learned a level 4 spell: Summon Ice Beast
  7995 | D:7      | Offered knowledge of Mephitic Cloud by Vehumet.
  8286 | D:7      | Reached skill level 5 in Fighting
  9024 | D:8      | Reached skill level 10 in Polearms
  9024 | D:8      | Reached XP level 10. HP: 44/69 MP: 4/14
  9248 | D:8      | Found an ancient bone altar of Kikubaaqudgha.
  9297 | D:8      | Found a snail-covered altar of Cheibriados.
  9300 | D:8      | Found a burning altar of Makhleb.
  9347 | D:8      | Found a sacrificial altar of Ru.
 10352 | D:8      | Reached *** piety under Vehumet
 10625 | D:9      | Offered knowledge of Olgreb's Toxic Radiance by Vehumet.
 10728 | D:9      | Found a flagged portal.
 10755 | Bailey   | Entered a bailey
 11132 | Bailey   | Reached **** piety under Vehumet
 11525 | Bailey   | Offered knowledge of Lee's Rapid Deconstruction by Vehumet.
 11526 | Bailey   | Reached skill level 1 in Summonings
 11741 | Bailey   | Found the +12 glaive of Prune {vorpal}
 11744 | Bailey   | Found a roughly hewn altar of Beogh.
 11744 | Bailey   | Noticed an orc knight
 11746 | Bailey   | Mangled by an orc warrior

Illustrated notes

Levels and vault maps discovered:
D:1:      noname_arrival_rooms_in_the_neighbourhood, layout_rooms
D:2:      kennysheep_six_static_rooms, layout_basic, serial_glass,
          glass_columns_a, glass_columns_a, glass_columns_b, glass_columns_a,
          glass_columns_a, minivault_19, uniq_sigmund, uniq_crazy_yiuf_cottage,
          uniq_terence
D:3:      layout_rooms, uniq_natasha
D:4:      layout_basic, cheibrodos_sewer_entry_drain, serial_shops, shop
D:5:      layout_basic, minmay_temple_entry_sparse_star
D:6:      layout_basic, chequers_arboretum
D:7:      layout_gridville, chequers_ossuary_entry_cave
D:8:      layout_rooms, grunt_temple_overflow_cloverleaf, serial_undead,
          serial_undead_c, serial_undead_b, serial_undead_b, serial_undead_f,
          serial_undead_c, serial_undead_c, serial_undead_d,
          chequers_serial_rivers_micro_a, kennysheep_big_empty_room
D:9:      layout_loops_cross, erik_lair_orcish_takeover,
          minmay_orc_entry_temple_small, enter_bailey_5
Temple:   eino_narrow_crystal_temple
Bailey:   bailey_polearm_2, bailey

Skill      XL: |  1  2  3  4  5  6  7  8  9 10 |
---------------+-------------------------------+-----
Ice Magic      | 5 7 8 10 11 12 | 12.0
Dodging        | 3 4 |  4.3
Polearms       | 1 6 10 12 | 12.7
Fighting       | 3 5 |  5.0
Throwing       | 3 |  3.1
Spellcasting   | 3 4 |  4.0
Summonings     | 1 |  1.1
Stealth        | |  2.1

Action                   |  1- 3 |  4- 6 |  7- 9 | 10-12 || total
-------------------------+-------+-------+-------+-------++-------
Melee: Unarmed           |     1 |       |       |       ||     1
       Short sword       |    22 |       |       |       ||    22
       Whip              |     8 |       |       |       ||     8
       Dagger            |     8 |    52 |   391 |       ||   451
       Halberd           |       |       |       |   206 ||   206
Throw: Dart              |       |       |     1 |     4 ||     5
 Cast: Freeze            |    30 |     8 |     2 |       ||    40
       Frozen Ramparts   |     1 |     7 |    36 |    14 ||    58
       Ozocubu's Armour  |       |       |    15 |    10 ||    25
       Summon Ice Beast  |       |       |     2 |     4 ||     6
  Use: Scroll            |     1 |     3 |     8 |     1 ||    13
 Stab: Sleeping          |     6 |     3 |     9 |    11 ||    29
       Distracted        |       |       |     2 |     1 ||     3
Armor: Robe              |     9 |    15 |   124 |    42 ||   190
Dodge: Dodged            |    38 |    44 |   341 |   139 ||   562
